| TOP OF THE 1ST |
|
San Jose Bees batting - Pitching for Reno Silver Sox : LHP John Bohnet
|
|
Pitching: LHP John Bohnet
|
|
|
Batting: RHB Anthony Laurenzi
|
0-0: Foul Ball, location: 2F 0-1: Ground out 6-3 (Groundball, 6S, EV 88.8 MPH)
|
|
Batting: RHB Ron MacDonald
|
0-0: Called Strike 0-1: Ball 1-1: Called Strike 1-2: Ball 2-2: Ball 3-2: Fly out, F5 (Popup, 5F, EV 74.4 MPH)
|
|
Batting: LHB Stanley Davis
|
0-0: Fly out, F8 (Flyball, 8RXD, EV 101.3 MPH)
|
| Top of the 1st over - 0 runs, 0 hits, 0 errors, 0 left on base; San Jose 0 - Reno 0 |
| BOTTOM OF THE 1ST |
|
Reno Silver Sox batting - Pitching for San Jose Bees : RHP Kerry Burchett
|
|
Pitching: RHP Kerry Burchett
|
|
|
Batting: RHB Eddie Brunson
|
0-0: Ball 1-0: Swinging Strike 1-1: Foul Ball, location: 2F 1-2: Ball 2-2: Ground out 5-3 (Groundball, 56S, EV 75.0 MPH)
|
|
Batting: RHB Rod Hobbs
|
0-0: Ball 1-0: Foul Ball, location: 2F 1-1: Fly out, F7 (Line Drive, 7D, EV 90.0 MPH)
|
|
Batting: LHB Mike Hocutt
|
0-0: Foul Ball, location: 2F 0-1: Called Strike 0-2: Ground out 4-3 (Groundball, 4, EV 86.3 MPH)
|
| Bottom of the 1st over - 0 runs, 0 hits, 0 errors, 0 left on base; San Jose 0 - Reno 0 |
| TOP OF THE 2ND |
|
San Jose Bees batting - Pitching for Reno Silver Sox : LHP John Bohnet
|
|
Batting: RHB Ricky McMullen
|
0-0: Ball 1-0: Fly out, F7 (Flyball, 7LD, EV 95.0 MPH)
|
|
Batting: RHB Michael Parker
|
0-0: Ball 1-0: Foul Ball, location: 2F 1-1: Ball 2-1: Called Strike 2-2: Ball 3-2: Strikes out looking
|
|
Batting: RHB Timothy Wallace
|
0-0: Called Strike 0-1: Ball 1-1: Called Strike 1-2: Ball 2-2: SINGLE (Flyball, 9LS, EV 88.1 MPH)
|
|
Batting: LHB Dale Weaver
|
0-0: Ball 1-0: Foul Ball, location: 2F 1-1: Foul Ball, location: 2F 1-2: Foul Ball, location: 2F 1-2: SINGLE (Groundball, 3D, EV 100.6 MPH) Timothy Wallace to second Runner from 2nd tries for 3rd, SAFE, throw by RF made to third
|
|
Batting: RHB David Hoyt
|
0-0: Ball 1-0: Swinging Strike 1-1: Called Strike 1-2: Foul Ball, location: 2F 1-2: Foul Ball, location: 2F 1-2: Fly out, F9 (Flyball, 9, EV 81.9 MPH)
|
| Top of the 2nd over - 0 runs, 2 hits, 0 errors, 2 left on base; San Jose 0 - Reno 0 |
| BOTTOM OF THE 2ND |
|
Reno Silver Sox batting - Pitching for San Jose Bees : RHP Kerry Burchett
|
|
Batting: LHB Kevin Rigby
|
0-0: Foul Ball, location: 2F 0-1: Fly out, F3 (Line Drive, 3, EV 65.0 MPH)
|
|
Batting: RHB Luis Cabanas
|
0-0: SINGLE (Line Drive, 6MD, EV 99.4 MPH)
|
|
Batting: LHB Gregory Shirley
|
0-0: Ball 1-0: Ball 2-0: Foul Ball, location: 2F 2-1: Foul Ball, location: 2F 2-2: Foul Ball, location: 2F 2-2: Foul Ball, location: 2F 2-2: Foul Ball, location: 2F 2-2: Foul Ball, location: 2F 2-2: Strikes out looking
|
|
Batting: LHB Andrew Timko
|
0-0: Ball 1-0: Fly out, F8 (Flyball, 8RD, EV 91.9 MPH)
|
| Bottom of the 2nd over - 0 runs, 1 hit, 0 errors, 1 left on base; San Jose 0 - Reno 0 |
| TOP OF THE 3RD |
|
San Jose Bees batting - Pitching for Reno Silver Sox : LHP John Bohnet
|
|
Batting: RHB Bill Pinkham
|
0-0: Ground out 6-3 (Groundball, 56, EV 82.5 MPH)
|
|
Batting: RHB Anthony Laurenzi
|
0-0: Called Strike 0-1: Ground out 5-3 (Groundball, 56S, EV 85.6 MPH)
|
|
Batting: RHB Ron MacDonald
|
0-0: Ball 1-0: Ball 2-0: Fly out, F7 (Flyball, 7, EV 91.3 MPH)
|
| Top of the 3rd over - 0 runs, 0 hits, 0 errors, 0 left on base; San Jose 0 - Reno 0 |
| BOTTOM OF THE 3RD |
|
Reno Silver Sox batting - Pitching for San Jose Bees : RHP Kerry Burchett
|
|
Batting: SHB Grayling Tobias
|
0-0: Swinging Strike 0-1: Foul Ball, location: 2F 0-2: Fly out, F7 (Flyball, 78M, EV 89.4 MPH)
|
|
Batting: RHB Emilio Perez
|
0-0: Ball 1-0: Fly out, F5 (Popup, 5SF, EV 74.4 MPH)
|
|
Batting: RHB Eddie Brunson
|
0-0: Ball 1-0: Ball 2-0: Ball 3-0: Called Strike 3-1: Fly out, F8 (Flyball, 78M, EV 93.1 MPH)
|
| Bottom of the 3rd over - 0 runs, 0 hits, 0 errors, 0 left on base; San Jose 0 - Reno 0 |
| TOP OF THE 4TH |
|
San Jose Bees batting - Pitching for Reno Silver Sox : LHP John Bohnet
|
|
Batting: LHB Stanley Davis
|
0-0: Swinging Strike 0-1: Called Strike 0-2: Foul Ball, location: 2F 0-2: Strikes out looking
|
|
Batting: RHB Ricky McMullen
|
0-0: Ball 1-0: Fly out, F8 (Flyball, 8RM, EV 80.0 MPH)
|
|
Batting: RHB Michael Parker
|
0-0: Ball 1-0: Ball 2-0: Swinging Strike 2-1: Swinging Strike 2-2: Ball 3-2: Foul Ball, location: 2F 3-2: SINGLE (Line Drive, 6MD, EV 98.1 MPH)
|
|
Batting: RHB Timothy Wallace
|
0-0: Ball 1-0: Ball 2-0: Ball 3-0: Called Strike 3-1: Called Strike 3-2: Base on Balls Michael Parker to second
|
|
Batting: LHB Dale Weaver
|
0-0: Called Strike 0-1: Foul Ball, location: 2F 0-2: Foul Ball, location: 2F 0-2: Ball 1-2: Fly out, F7 (Flyball, 7, EV 78.1 MPH)
|
| Top of the 4th over - 0 runs, 1 hit, 0 errors, 2 left on base; San Jose 0 - Reno 0 |
| BOTTOM OF THE 4TH |
|
Reno Silver Sox batting - Pitching for San Jose Bees : RHP Kerry Burchett
|
|
Batting: RHB Rod Hobbs
|
0-0: Ball 1-0: Swinging Strike 1-1: Fly out, F8 (Flyball, 8RS, EV 84.4 MPH)
|
|
Batting: LHB Mike Hocutt
|
0-0: Ball 1-0: Ground out U3 (Groundball, 3L, EV 106.9 MPH)
|
|
Batting: LHB Kevin Rigby
|
0-0: Called Strike 0-1: Ball 1-1: DOUBLE (Line Drive, 89D, EV 106.9 MPH)
|
|
Batting: RHB Luis Cabanas
|
0-0: Foul Ball, location: 2F 0-1: Fly out, F8 (Line Drive, 8RM, EV 105.6 MPH)
|
| Bottom of the 4th over - 0 runs, 1 hit, 0 errors, 1 left on base; San Jose 0 - Reno 0 |
| TOP OF THE 5TH |
|
San Jose Bees batting - Pitching for Reno Silver Sox : LHP John Bohnet
|
|
Batting: RHB David Hoyt
|
0-0: Ball 1-0: Fly out, F8 (Flyball, 89XD, EV 90.0 MPH)
|
|
Batting: RHB Bill Pinkham
|
0-0: Ground out 6-3 (Groundball, 6M, EV 104.4 MPH)
|
|
Batting: RHB Anthony Laurenzi
|
0-0: Swinging Strike 0-1: Ball 1-1: Ball 2-1: Ball 3-1: Base on Balls
|
|
Batting: RHB Ron MacDonald
|
0-0: Ball 1-0: Called Strike 1-1: Fly out, F9 (Flyball, 89D, EV 89.4 MPH)
|
| Top of the 5th over - 0 runs, 0 hits, 0 errors, 1 left on base; San Jose 0 - Reno 0 |
| BOTTOM OF THE 5TH |
|
Reno Silver Sox batting - Pitching for San Jose Bees : RHP Kerry Burchett
|
|
Batting: LHB Gregory Shirley
|
0-0: Called Strike 0-1: Ground out 6-3 (Groundball, 6, EV 103.1 MPH)
|
|
Batting: LHB Andrew Timko
|
0-0: Fly out, F4 (Line Drive, 4, EV 68.1 MPH)
|
|
Batting: SHB Grayling Tobias
|
0-0: Called Strike 0-1: Ground out 1-3 (Groundball, P, EV 70.0 MPH)
|
| Bottom of the 5th over - 0 runs, 0 hits, 0 errors, 0 left on base; San Jose 0 - Reno 0 |
| TOP OF THE 6TH |
|
San Jose Bees batting - Pitching for Reno Silver Sox : LHP John Bohnet
|
|
Batting: LHB Stanley Davis
|
0-0: Foul Ball, location: 2F 0-1: Ball 1-1: Ball 2-1: Ball 3-1: SINGLE (Groundball, 4MD, EV 94.4 MPH)
|
|
Batting: RHB Ricky McMullen
|
0-0: Ball 1-0: Ball 2-0: Called Strike 2-1: SINGLE (Groundball, 34D, EV 95.6 MPH) Stanley Davis to second Runner from 2nd tries for 3rd, SAFE, throw by RF made to third
|
|
Batting: RHB Michael Parker
|
0-0: Ball 1-0: Ball 2-0: Foul Ball, location: 2F 2-1: Ball 3-1: Foul Ball, location: 2F 3-2: Base on Balls Ricky McMullen to second
|
|
Batting: RHB Timothy Wallace
|
0-0: Swinging Strike 0-1: Ball 1-1: Called Strike 1-2: Ball 2-2: Foul Ball, location: 2F 2-2: Ball 3-2: Fly out, F9 (Flyball, 9LM, EV 95.6 MPH) Runner from 3rd tags up, OUT at HOME! 9-2 Ricky McMullen to third Michael Parker to second
|
|
Batting: LHB Dale Weaver
|
0-0: Ball 1-0: Ball 2-0: Foul Ball, location: 2F 2-1: Swinging Strike 2-2: Foul Ball, location: 2F 2-2: Ball 3-2: Ground out 6-3 (Groundball, P, EV 83.8 MPH)
|
| Top of the 6th over - 0 runs, 2 hits, 0 errors, 2 left on base; San Jose 0 - Reno 0 |
| BOTTOM OF THE 6TH |
|
Reno Silver Sox batting - Pitching for San Jose Bees : RHP Kerry Burchett
|
|
Batting: RHB Emilio Perez
|
0-0: Called Strike 0-1: Called Strike 0-2: Ground out 6-3 (Groundball, 6M, EV 98.1 MPH)
|
|
Batting: RHB Eddie Brunson
|
0-0: Called Strike 0-1: Ball 1-1: Fly out, F8 (Flyball, 8LXD, EV 106.3 MPH)
|
|
Batting: RHB Rod Hobbs
|
0-0: Ball 1-0: Ground out 4-3 (Groundball, 4, EV 81.9 MPH)
|
| Bottom of the 6th over - 0 runs, 0 hits, 0 errors, 0 left on base; San Jose 0 - Reno 0 |
| TOP OF THE 7TH |
|
San Jose Bees batting - Pitching for Reno Silver Sox : LHP John Bohnet
|
|
Batting: RHB David Hoyt
|
0-0: Fly out, F8 (Flyball, 8LS, EV 95.0 MPH)
|
|
Batting: RHB Bill Pinkham
|
0-0: Called Strike 0-1: Swinging Strike 0-2: Fly out, F7 (Line Drive, 7, EV 93.1 MPH)
|
|
Batting: RHB Anthony Laurenzi
|
0-0: Ball 1-0: Ground out 5-3 (Groundball, 56, EV 101.9 MPH)
|
| Top of the 7th over - 0 runs, 0 hits, 0 errors, 0 left on base; San Jose 0 - Reno 0 |
| BOTTOM OF THE 7TH |
|
Reno Silver Sox batting - Pitching for San Jose Bees : RHP Kerry Burchett
|
|
Batting: LHB Mike Hocutt
|
0-0: Ball 1-0: Swinging Strike 1-1: SINGLE (Groundball, 56D, EV 101.9 MPH)
|
|
Batting: LHB Kevin Rigby
|
0-0: Ball 1-0: Called Strike 1-1: Swinging Strike 1-2: Strikes out swinging
|
|
Batting: RHB Luis Cabanas
|
0-0: Ball 1-0: Ball 2-0: Called Strike 2-1: Foul Ball, location: 2F 2-2: Strikes out swinging
|
|
Batting: LHB Gregory Shirley
|
0-0: Swinging Strike 0-1: Ball 1-1: Ball 2-1: Ball 3-1: Base on Balls Mike Hocutt to second
|
|
Batting: LHB Andrew Timko
|
0-0: Ball 1-0: Fly out, F8 (Flyball, 8RM, EV 87.5 MPH)
|
| Bottom of the 7th over - 0 runs, 1 hit, 0 errors, 2 left on base; San Jose 0 - Reno 0 |
| TOP OF THE 8TH |
|
San Jose Bees batting - Pitching for Reno Silver Sox : LHP John Bohnet
|
|
Batting: RHB Ron MacDonald
|
0-0: Called Strike 0-1: Foul Ball, location: 2F 0-2: Ball 1-2: Ball 2-2: Strikes out looking
|
|
Batting: LHB Stanley Davis
|
0-0: Ball 1-0: Fly out, F6 (Popup, 6M, EV 56.3 MPH)
|
|
Batting: RHB Ricky McMullen
|
0-0: Foul Ball, location: 2F 0-1: Ball 1-1: Swinging Strike 1-2: Ball 2-2: Ball 3-2: Foul Ball, location: 2F 3-2: Fly out, F5 (Popup, 56, EV 79.4 MPH)
|
| Top of the 8th over - 0 runs, 0 hits, 0 errors, 0 left on base; San Jose 0 - Reno 0 |
| BOTTOM OF THE 8TH |
|
Reno Silver Sox batting - Pitching for San Jose Bees : RHP Kerry Burchett
|
|
Batting: SHB Grayling Tobias
|
0-0: Called Strike 0-1: Ball 1-1: Foul Ball, location: 2F 1-2: DOUBLE (Line Drive, 78M, EV 91.9 MPH)
|
|
Batting: RHB Emilio Perez
|
0-0: Bunted foul 0-1: Sac Bunt to 3S - play at first, batter OUT! 3-1 Grayling Tobias to third
|
|
Batting: RHB Eddie Brunson
|
0-0: Ball 1-0: Called Strike 1-1: Ball 2-1: Swinging Strike 2-2: Foul Ball, location: 2F 2-2: Foul Ball, location: 2F 2-2: SINGLE (Groundball, 56, EV 97.5 MPH) Grayling Tobias scores
|
|
Batting: RHB Rod Hobbs
|
0-0: Ball 1-0: Ball 2-0: Ball 3-0: Called Strike 3-1: Called Strike 3-2: Foul Ball, location: 2F 3-2: Foul Ball, location: 2F 3-2: Base on Balls Eddie Brunson to second
|
|
Batting: LHB Mike Hocutt
|
0-0: Ball 1-0: Ball 2-0: Foul Ball, location: 2F 2-1: Fly out, F9 (Line Drive, 89M, EV 95.6 MPH)
|
|
Batting: LHB Kevin Rigby
|
0-0: Ball 1-0: Fielders Choice at 2nd, U6 (Groundball, 6M, EV 102.5 MPH)
|
| Bottom of the 8th over - 1 run, 2 hits, 0 errors, 2 left on base; San Jose 0 - Reno 1 |
| TOP OF THE 9TH |
|
San Jose Bees batting - Pitching for Reno Silver Sox : LHP John Bohnet
|
|
Pitching: RHP Steve Eddy
|
|
|
Batting: RHB Michael Parker
|
0-0: Ball 1-0: Ground out 6-3 (Groundball, 6, EV 87.5 MPH)
|
|
Batting: RHB Timothy Wallace
|
0-0: Called Strike 0-1: Called Strike 0-2: Ball 1-2: Strikes out looking
|
|
Batting: LHB Dale Weaver
|
0-0: Called Strike 0-1: Ball 1-1: Ball 2-1: Ball 3-1: Foul Ball, location: 2F 3-2: Fly out, F6 (Popup, 6MS, EV 77.5 MPH)
|
| Top of the 9th over - 0 runs, 0 hits, 0 errors, 0 left on base; San Jose 0 - Reno 1 |
|